AoeStats
← _ThienLong_

Glade

510499762Analyzed
1v1 RM · 5h ago on Oct 1, 2026· 50m 27s· 2 players
Game mode
Random Map
Map size
Tiny (2 player)
Population
200
Speed
Normal
Resources
Standard
Victory
Conquest
Starting age
Dark Age
Ending age
Imperial Age
RankedLock teamsTeams togetherTeam positionsShared explorationLock speedFull tech treeHidden civsTurbo modeCheats
Victory
Defeat
🇻🇳 Franks · Vietnam
1096
+16
🇨🇳 Teutons · China
1086
-16
paladin
6:14 Loom
9:07 Feudal Age
12:13 Double-Bit Axe
11:58 Man-at-Arms
15:35 Fletching
18:21 Horse Collar
20:29 Scale Mail Armor
26:32 Castle Age
25:58 Stone Mining
26:43 Pikeman
28:21 Bow Saw
28:30 Gold Mining
31:09 Wheelbarrow
32:36 Hand Cart
38:14 Imperial Age
36:14 Padded Archer Armor
37:07 Heavy Plow
37:24 Leather Archer Armor
38:13 Squires
39:57 Chemistry
39:20 Conscription
39:49 Guilds
42:22 Ring Archer Armor
43:12 Forging
45:17 Two-Man Saw
47:01 Iron Casting
46:41 Chain Mail Armor
50:15 Plate Mail Armor
_ThienLong_
8:53 Loom
10:38 Feudal Age
15:12 Double-Bit Axe
19:05 Castle Age
18:14 Gold Mining
20:52 Scale Barding Armor
22:03 Forging
29:39 Fletching
31:05 Scale Mail Armor
32:30 Wheelbarrow
35:57 Hand Cart
40:09 Imperial Age
38:11 Bow Saw
38:40 Gold Shaft Mining
39:11 Stone Mining
39:42 Chain Mail Armor
41:15 Conscription
41:35 Plate Mail Armor
42:13 Cavalier
43:16 Chain Barding Armor
44:26 Husbandry
45:45 Iron Casting
46:05 Plate Barding Armor
46:32 Paladin
48:57 Ballistics
50:18 Blast Furnace
49:09 Town Watch
Connection lost

Rejoining the realm…

Still unreachable

The connection could not be restored.

Session expired

The server has moved on; the page needs a fresh start.